TOP OF THE 1ST |
Connecticut Tigers batting - Pitching for Spokane Indians : LHP Chris P. Bacon
|
Pitching: LHP Chris P. Bacon
|
|
Batting: RHB Janne Vihko
|
0-0: Ball 1-0: Ground out 6-3 (Groundball, 6, EV 101.9 MPH)
|
Batting: RHB Tony Nunez
|
0-0: Ball 1-0: Ground out 3-1 (Groundball, 13, EV 84.4 MPH)
|
Batting: RHB Gabe Higley
|
0-0: Called Strike 0-1: Ball 1-1: Ground out 6-3 (Groundball, 6, EV 83.1 MPH)
|
Top of the 1st over - 0 runs, 0 hits, 0 errors, 0 left on base; Connecticut 0 - Spokane 0 |
BOTTOM OF THE 1ST |
Spokane Indians batting - Pitching for Connecticut Tigers : RHP Alan Grossfeld
|
Pitching: RHP Alan Grossfeld
|
|
Batting: LHB Jose Baez
|
0-0: Ball 1-0: Foul Ball, location: 2F 1-1: Ball 2-1: Foul Ball, location: 2F 2-2: Ball 3-2: DOUBLE (Flyball, 78D, EV 101.2 MPH)
|
Batting: LHB Gabriel Graves
|
0-0: Called Strike Jose Baez steals 3rd base 0-1: Foul Ball, location: 2F 0-2: Ball 1-2: Strikes out swinging
|
Batting: LHB Nick Foutz
|
0-0: Ball 1-0: Ball 2-0: Ball Wild Pitch! Jose Baez scores 3-0: Base on Balls
|
Batting: LHB Caleb Domino
|
0-0: Ball 1-0: Called Strike 1-1: Ball Nick Foutz steals 2nd base 2-1: Ball 3-1: Base on Balls
|
Batting: RHB Aaron Graham
|
Balk! Nick Foutz to third Caleb Domino to second 0-0: Swinging Strike 0-1: SINGLE (Groundball, 34D, EV 107.5 MPH) Nick Foutz scores Caleb Domino to third Runner from 3rd tries for Home, SAFE, throw by RF to home Aaron Graham to second
|
Batting: RHB Josh Whitmore
|
0-0: Ball 1-0: Called Strike 1-1: Swinging Strike 1-2: Ball 2-2: Ground out 5-3 (Groundball, 56, EV 104.4 MPH)
|
Batting: RHB Sergio Godinez
|
0-0: Called Strike 0-1: Fly out, F7 (Flyball, 7LM, EV 76.9 MPH)
|
Bottom of the 1st over - 3 runs, 2 hits, 0 errors, 1 left on base; Connecticut 0 - Spokane 3 |
TOP OF THE 2ND |
Connecticut Tigers batting - Pitching for Spokane Indians : LHP Chris P. Bacon
|
Batting: LHB Nick Swank
|
0-0: Ball 1-0: Foul Ball, location: 2F 1-1: Swinging Strike 1-2: Ball 2-2: Strikes out swinging
|
Batting: LHB Antonio Luis
|
0-0: Called Strike 0-1: Ball 1-1: Swinging Strike 1-2: Ball 2-2: SINGLE (Groundball, 34D, EV 103.1 MPH)
|
Batting: RHB Zack DiCicco
|
0-0: Called Strike 0-1: Ball 1-1: Ball Passed Ball! Antonio Luis to second 2-1: Ball 3-1: Swinging Strike 3-2: Foul Ball, location: 2F 3-2: Strikes out looking
|
Batting: RHB Jordan Hall
|
0-0: Called Strike 0-1: Foul Ball, location: 2F 0-2: Ball 1-2: Ball 2-2: Ball 3-2: Strikes out swinging
|
Top of the 2nd over - 0 runs, 1 hit, 0 errors, 1 left on base; Connecticut 0 - Spokane 3 |
BOTTOM OF THE 2ND |
Spokane Indians batting - Pitching for Connecticut Tigers : RHP Alan Grossfeld
|
Batting: LHB Yat-sen Zhu
|
0-0: Called Strike 0-1: Ball 1-1: Ball 2-1: Foul Ball, location: 2F 2-2: Strikes out swinging
|
Batting: RHB Dave Brabo
|
0-0: Called Strike 0-1: Ball 1-1: Called Strike 1-2: Foul Ball, location: 2F 1-2: SINGLE (Groundball, 15S, EV 69.4 MPH) (infield hit)
|
Batting: LHB Jose Baez
|
0-0: Ball Dave Brabo steals 2nd base 1-0: Called Strike Dave Brabo steals 3rd base 1-1: Swinging Strike 1-2: Ball 2-2: Strikes out swinging
|
Batting: LHB Gabriel Graves
|
0-0: Called Strike 0-1: Foul Ball, location: 2F 0-2: Fly out, F8 (Flyball, 8LXD, EV 102.5 MPH)
|
Bottom of the 2nd over - 0 runs, 1 hit, 0 errors, 1 left on base; Connecticut 0 - Spokane 3 |
TOP OF THE 3RD |
Connecticut Tigers batting - Pitching for Spokane Indians : LHP Chris P. Bacon
|
Batting: SHB Eisse Wijnja
|
0-0: Called Strike 0-1: Swinging Strike 0-2: Foul Ball, location: 2F 0-2: Fly out, F7 (Flyball, 78M, EV 82.5 MPH)
|
Batting: SHB Ian Arlotta
|
0-0: Called Strike 0-1: Swinging Strike 0-2: Strikes out swinging
|
Batting: RHB Janne Vihko
|
0-0: Foul Ball, location: 2F 0-1: Fly out, F8 (Flyball, 8LD, EV 95.0 MPH)
|
Top of the 3rd over - 0 runs, 0 hits, 0 errors, 0 left on base; Connecticut 0 - Spokane 3 |
BOTTOM OF THE 3RD |
Spokane Indians batting - Pitching for Connecticut Tigers : RHP Alan Grossfeld
|
Batting: LHB Nick Foutz
|
0-0: Swinging Strike 0-1: Ball 1-1: Foul Ball, location: 2F 1-2: Foul Ball, location: 2F 1-2: Ball 2-2: Ground out 4-3 (Groundball, 34, EV 98.1 MPH)
|
Batting: LHB Caleb Domino
|
0-0: Called Strike 0-1: Ball 1-1: Foul Ball, location: 2F 1-2: Ball 2-2: Strikes out swinging
|
Batting: RHB Aaron Graham
|
0-0: Ball 1-0: Ball 2-0: Called Strike 2-1: Called Strike 2-2: Strikes out swinging
|
Bottom of the 3rd over - 0 runs, 0 hits, 0 errors, 0 left on base; Connecticut 0 - Spokane 3 |
TOP OF THE 4TH |
Connecticut Tigers batting - Pitching for Spokane Indians : LHP Chris P. Bacon
|
Batting: RHB Tony Nunez
|
0-0: Swinging Strike 0-1: Called Strike 0-2: Strikes out looking
|
Batting: RHB Gabe Higley
|
0-0: Ball 1-0: Called Strike 1-1: Called Strike 1-2: Ball 2-2: Strikes out swinging
|
Batting: LHB Nick Swank
|
0-0: Ball 1-0: Swinging Strike 1-1: Foul Ball, location: 2F 1-2: Strikes out swinging
|
Top of the 4th over - 0 runs, 0 hits, 0 errors, 0 left on base; Connecticut 0 - Spokane 3 |
BOTTOM OF THE 4TH |
Spokane Indians batting - Pitching for Connecticut Tigers : RHP Alan Grossfeld
|
Batting: RHB Josh Whitmore
|
0-0: Ball 1-0: Ball 2-0: Ground out 5-3 (Groundball, 5L, EV 79.4 MPH)
|
Batting: RHB Sergio Godinez
|
0-0: Ball 1-0: Foul Ball, location: 2F 1-1: Foul Ball, location: 2F 1-2: Ball 2-2: Fly out, F5 (Popup, 56, EV 78.1 MPH)
|
Batting: LHB Yat-sen Zhu
|
0-0: Foul Ball, location: 2F 0-1: Fly out, F5 (Popup, 5S, EV 72.5 MPH)
|
Bottom of the 4th over - 0 runs, 0 hits, 0 errors, 0 left on base; Connecticut 0 - Spokane 3 |
TOP OF THE 5TH |
Connecticut Tigers batting - Pitching for Spokane Indians : LHP Chris P. Bacon
|
Batting: LHB Antonio Luis
|
0-0: Ball 1-0: Called Strike 1-1: Ball 2-1: SINGLE (Line Drive, 9LS, EV 102.5 MPH)
|
Batting: RHB Zack DiCicco
|
0-0: Ball 1-0: Foul Ball, location: 2F Pickoff Throw to First - Out! 1-3 1-1: Foul Ball, location: 2F 1-2: Foul Ball, location: 2F 1-2: Strikes out swinging
|
Batting: RHB Jordan Hall
|
0-0: Fly out, F1 (Line Drive, P, EV 65.6 MPH)
|
Top of the 5th over - 0 runs, 1 hit, 0 errors, 0 left on base; Connecticut 0 - Spokane 3 |
BOTTOM OF THE 5TH |
Spokane Indians batting - Pitching for Connecticut Tigers : RHP Alan Grossfeld
|
Batting: RHB Dave Brabo
|
0-0: Ground out 1-3 (Groundball, 15S, EV 66.9 MPH)
|
Batting: LHB Jose Baez
|
0-0: Ball 1-0: Swinging Strike 1-1: Ground out 4-3 (Groundball, 4, EV 88.8 MPH)
|
Batting: LHB Gabriel Graves
|
0-0: Ball 1-0: Called Strike 1-1: Swinging Strike 1-2: Foul Ball, location: 2F 1-2: Strikes out looking
|
Bottom of the 5th over - 0 runs, 0 hits, 0 errors, 0 left on base; Connecticut 0 - Spokane 3 |
TOP OF THE 6TH |
Connecticut Tigers batting - Pitching for Spokane Indians : LHP Chris P. Bacon
|
Batting: SHB Eisse Wijnja
|
0-0: Foul Ball, location: 2F 0-1: Called Strike 0-2: Ball 1-2: Foul Ball, location: 2F 1-2: Strikes out swinging
|
Batting: SHB Ian Arlotta
|
0-0: Called Strike 0-1: Ball 1-1: Swinging Strike 1-2: Ball 2-2: Ball 3-2: Foul Ball, location: 2F 3-2: Strikes out swinging
|
Batting: RHB Janne Vihko
|
0-0: Fly out, F8 (Flyball, 8RM, EV 78.1 MPH)
|
Top of the 6th over - 0 runs, 0 hits, 0 errors, 0 left on base; Connecticut 0 - Spokane 3 |
BOTTOM OF THE 6TH |
Spokane Indians batting - Pitching for Connecticut Tigers : RHP Alan Grossfeld
|
Batting: LHB Nick Foutz
|
0-0: Ball 1-0: Ball 2-0: Ball 3-0: Called Strike 3-1: Base on Balls
|
Batting: LHB Caleb Domino
|
0-0: Fielders Choice at 2nd, 6-4 (Groundball, 6, EV 99.4 MPH)
|
Batting: RHB Aaron Graham
|
0-0: Swinging Strike 0-1: Ball 1-1: Foul Ball, location: 2F 1-2: SINGLE (Groundball, 6D, EV 95.6 MPH) Caleb Domino to second
|
Batting: RHB Josh Whitmore
|
0-0: Ball 1-0: Foul Ball, location: 2F 1-1: Ball 2-1: Ball 3-1: SINGLE (Line Drive, 9LS, EV 93.1 MPH) Caleb Domino to third Aaron Graham to second Runner from 3rd tries for Home, SAFE, throw by RF to home
|
Batting: RHB Sergio Godinez
|
0-0: Ball 1-0: Grounds into double play, 5-4-3 (Groundball, 56, EV 85.0 MPH)
|
Bottom of the 6th over - 1 run, 2 hits, 0 errors, 1 left on base; Connecticut 0 - Spokane 4 |
TOP OF THE 7TH |
Connecticut Tigers batting - Pitching for Spokane Indians : LHP Chris P. Bacon
|
Now at 1B: Herb Craig
|
|
Now at 2B: Darnell Jones
|
|
Batting: RHB Tony Nunez
|
0-0: Ball 1-0: Ball 2-0: Ball 3-0: Base on Balls
|
Batting: RHB Gabe Higley
|
0-0: Called Strike 0-1: Called Strike 0-2: Ball 1-2: Strikes out swinging
|
Batting: LHB Nick Swank
|
0-0: Ball 1-0: Ball 2-0: Ball 3-0: Called Strike 3-1: Fly out, F6 (Popup, 6D, EV 48.8 MPH)
|
Batting: LHB Antonio Luis
|
Pickoff Throw to First - Out! 1-3
|
Top of the 7th over - 0 runs, 0 hits, 0 errors, 0 left on base; Connecticut 0 - Spokane 4 |
BOTTOM OF THE 7TH |
Spokane Indians batting - Pitching for Connecticut Tigers : RHP Alan Grossfeld
|
Batting: LHB Yat-sen Zhu
|
0-0: Ball 1-0: Foul Ball, location: 2F 1-1: Ground out 5-3 (Groundball, 56, EV 92.5 MPH)
|
Batting: RHB Dave Brabo
|
0-0: Swinging Strike 0-1: Foul Ball, location: 2F 0-2: Ball 1-2: Strikes out swinging
|
Batting: LHB Jose Baez
|
0-0: Foul Ball, location: 2F 0-1: Ball 1-1: Ball 2-1: Fly out, F8 (Flyball, 8LM, EV 86.9 MPH)
|
Bottom of the 7th over - 0 runs, 0 hits, 0 errors, 0 left on base; Connecticut 0 - Spokane 4 |
TOP OF THE 8TH |
Connecticut Tigers batting - Pitching for Spokane Indians : LHP Chris P. Bacon
|
Batting: LHB Antonio Luis
|
0-0: Called Strike 0-1: Ball 1-1: Foul Ball, location: 2F 1-2: Ball 2-2: Ball 3-2: Foul Ball, location: 2F 3-2: Foul Ball, location: 2F 3-2: Foul Ball, location: 2F 3-2: SINGLE (Line Drive, 89S, EV 100.6 MPH)
|
Batting: RHB Zack DiCicco
|
0-0: Called Strike 0-1: Called Strike 0-2: Ball 1-2: Foul Ball, location: 2F 1-2: Fly out, F8 (Flyball, 8LD, EV 106.2 MPH)
|
Batting: RHB Jordan Hall
|
0-0: Called Strike 0-1: Ball 1-1: Ball 2-1: Ball 3-1: Called Strike 3-2: Grounds into double play, 4-6-3 (Groundball, 4, EV 83.8 MPH)
|
Top of the 8th over - 0 runs, 1 hit, 0 errors, 0 left on base; Connecticut 0 - Spokane 4 |
BOTTOM OF THE 8TH |
Spokane Indians batting - Pitching for Connecticut Tigers : RHP Alan Grossfeld
|
Pitching: RHP Juan Murillo
|
|
Batting: LHB Gabriel Graves
|
0-0: Ground out U3 (Groundball, 34S, EV 71.9 MPH)
|
Batting: LHB Nick Foutz
|
0-0: Called Strike 0-1: Ball 1-1: SINGLE (Groundball, 6D, EV 95.0 MPH)
|
Batting: LHB Caleb Domino
|
0-0: Ball Nick Foutz steals 2nd base 1-0: Called Strike 1-1: Ball Nick Foutz steals 3rd base 2-1: Fly out, F8 (Flyball, 8LD, EV 76.2 MPH) Runner from 3rd tags up, SCORES, no throw by CF
|
Batting: RHB Darnell Jones
|
0-0: Ball 1-0: DOUBLE (Line Drive, 5D, EV 103.8 MPH)
|
Batting: RHB Herb Craig
|
0-0: Foul Ball, location: 2F 0-1: Ball 1-1: Ball 2-1: Foul Ball, location: 2F 2-2: Strikes out swinging
|
Bottom of the 8th over - 1 run, 2 hits, 0 errors, 1 left on base; Connecticut 0 - Spokane 5 |
TOP OF THE 9TH |
Connecticut Tigers batting - Pitching for Spokane Indians : LHP Chris P. Bacon
|
Batting: SHB Eisse Wijnja
|
0-0: Fly out, F9 (Flyball, 9LM, EV 86.2 MPH)
|
Batting: SHB Ian Arlotta
|
0-0: Foul Ball, location: 2F 0-1: Swinging Strike 0-2: Ball 1-2: Hit by Pitch
|
Batting: RHB Janne Vihko
|
0-0: Ball 1-0: Called Strike 1-1: SINGLE (Groundball, 5S, EV 66.2 MPH) (infield hit) Ian Arlotta to second
|
Pitching: RHP Victor Morin
|
|
Batting: RHB Tony Nunez
|
0-0: Fielders Choice at 2nd, 4-6 (Groundball, 4MD, EV 81.9 MPH) Ian Arlotta to third
|
Batting: RHB Gabe Higley
|
0-0: Ball 1-0: Ball 2-0: Ball 3-0: Called Strike 3-1: Foul Ball, location: 2F 3-2: Foul Ball, location: 2F 3-2: Foul Ball, location: 2F 3-2: Strikes out swinging
|
Top of the 9th over - 0 runs, 1 hit, 0 errors, 2 left on base; Connecticut 0 - Spokane 5 |
|